Map: Ruines de Seras

Players

ZinxPandt - Winner!

  • Race: Protoss Protoss
  • League: Platinum

Worming

  • Race: Zerg Zerg
  • League: Platinum

VOD

Have the link to the VOD?

Description

Time

  • Played on: Nov. 11, 2015, noon
  • Length: 8:44
Show
View Real Time Build Order
Export as new Build Order

ZinxPandt Protoss - Winner!

Build Orders: Forge Fast Expand (FFE) 

Get SALT Encoding   

  12  0:01  Probe (Chrono Boost)  
  13  0:18  Probe (Chrono Boost)  
  13  0:20  Pylon  
  14  0:28  Probe (Chrono Boost)  
  15  0:39  Probe (Chrono Boost)  
  16  0:45  Forge  
  16  0:49  Probe (Chrono Boost)  
  17  1:02  Pylon  
  17  1:07  Probe (Chrono Boost)  
  18  1:23  Probe (Chrono Boost)  
  18  1:30  Nexus  
  18  1:41  Gateway  
  18  1:51  Photon Cannon  
  18  1:55  Probe (Chrono Boost)  
  18  1:57  Assimilator  
  19  2:04  Pylon  
  19  2:09  Probe (Chrono Boost)  
  19  2:12  Assimilator  
  20  2:24  Probe (Chrono Boost)  
  21  2:35  Probe (Chrono Boost)  
  22  2:38  Cybernetics Core  
  22  2:43  Zealot  
  24  2:45  Probe (Chrono Boost)  
  24  2:48  Probe (Chrono Boost)  
  26  2:56  Probe (Chrono Boost)  
  27  2:59  Probe (Chrono Boost)  
  28  3:06  Probe (Chrono Boost)  
  28  3:10  Probe (Chrono Boost), Pylon  
  30  3:15  Warp Gate  
  30  3:17  Probe (Chrono Boost)  
  30  3:19  Protoss Ground Weapons Level 1  
  31  3:24  Sentry  
  34  3:27  Probe (Chrono Boost)  
  34  3:28  Probe (Chrono Boost)  
  35  3:37  Probe (Chrono Boost)  
  35  3:38  Probe (Chrono Boost)  
  38  3:48  Mothership Core (Chrono Boost)  
  38  3:56  Robotics Facility  
  38  3:59  Gateway  
  38  4:01  Gateway  
  38  4:06  Pylon  
  38  4:17  Probe (Chrono Boost)  
  39  4:27  Probe (Chrono Boost)  
  39  4:28  Probe (Chrono Boost)  
  39  4:30  Assimilator  
  41  4:38  Probe x2 (Chrono Boost), Pylon  
  42  4:39  Sentry  
  42  4:44  Assimilator  
  45  4:46  Immortal  
  49  4:56  Probe (Chrono Boost)  
  49  4:57  Probe (Chrono Boost)  
  51  5:07  Probe x2 (Chrono Boost)  
  52  5:13  Gateway  
  53  5:15  Gateway  
  53  5:18  Pylon  
  53  5:19  Gateway  
  53  5:20  Gateway  
  53  5:21  Probe x2 (Chrono Boost), Pylon  
  55  5:31  Probe (Chrono Boost)  
  55  5:32  Sentry x3  
  62  5:38  Immortal (Chrono Boost)  
  66  6:00  Pylon  
  66  6:02  Pylon  
  66  6:03  Pylon  
  66  6:05  Pylon  
  66  6:11  Sentry x2  
  66  6:13  Sentry  
  66  6:17  Adept  
  66  6:18  Adept x3  
  80  6:24  Warp Prism (Chrono Boost)  
  82  6:45  Stalker x3  
  82  6:46  Stalker  
  90  6:59  Stalker x2  
  90  7:00  Stalker  
  96  7:17  Observer (Chrono Boost)  
  96  7:18  Stalker  
  96  7:19  Stalker x3  
  95  8:06  Stalker x5  
  95  8:07  Stalker x2  
  99  8:29  Stalker x3  
  99  8:30  Stalker x4  
Show
View Real Time Build Order
Export as new Build Order

Worming Zerg 

Build Orders: Pool First 

Get SALT Encoding   

  12  0:01  Drone  
  13  0:12  Overlord  
  13  0:18  Drone  
  14  0:30  Drone x2  
  14  0:34  Drone  
  17  0:45  Drone  
  18  1:03  Spawning Pool  
  17  1:04  Extractor  
  17  1:06  Overlord  
  17  1:07  Drone  
  17  1:27  Drone  
  17  1:31  Drone  
  19  1:36  Hatchery  
  18  1:50  Queen  
  18  1:51  Zergling x4  
  22  2:01  Drone  
  23  2:12  Drone  
  24  2:19  Metabolic Boost  
  24  2:26  Queen  
  26  2:38  Hatchery  
  26  2:41  Drone  
  26  2:46  Overlord  
  26  2:51  Drone  
  26  3:00  Drone x2  
  28  3:11  Evolution Chamber  
  27  3:20  Drone x4  
  31  3:32  Overlord  
  31  3:33  Drone x2  
  33  3:43  Queen  
  33  3:45  Zerg Missile Weapons Level 1  
  33  3:46  Drone x3  
  38  4:03  Drone x6  
  44  4:12  Overlord x2  
  44  4:31  Zergling x12  
  45  4:35  Roach Warren, Extractor  
  45  4:36  Extractor  
  47  4:41  Drone x2  
  49  4:49  Drone x3  
  49  4:50  Drone  
  53  4:53  Lair  
  53  4:54  Overlord  
  53  4:55  Zergling x4  
  55  5:16  Drone  
  55  5:17  Drone x2  
  55  5:18  Drone x2  
  55  5:19  Drone x3  
  63  5:29  Extractor  
  63  5:30  Extractor  
  61  5:39  Roach  
  61  5:40  Roach x5  
  61  5:41  Overlord x2  
  74  5:50  Drone  
  74  5:53  Glial Reconstitution  
  74  5:55  Zerg Missile Weapons Level 2  
  74  5:59  Drone x5  
  74  6:02  Drone x3  
  81  6:11  Overlord x2  
  81  6:13  Ravager x4  
  81  6:18  Overseer  
  85  6:22  Drone x4  
  89  6:29  Queen  
  91  6:53  Roach  
  100  6:54  Zergling x2, Roach x6  
  100  6:55  Zergling x10  
  100  6:59  Overlord x2  
  100  7:00  Overlord x2  
  106  7:04  Hydralisk Den  
  106  7:05  Drone  
  106  7:06  Extractor  
  104  7:09  Roach x3  
  104  7:13  Drone  
  104  7:14  Overlord x2  
  105  7:23  Ravager x3  
  103  7:32  Zergling x2, Roach x6, Hydralisk x2  
  110  7:53  Hydralisk x2  
  110  7:54  Hydralisk x7  
  108  8:07  Hydralisk  
  108  8:08  Hydralisk x2  
  108  8:16  Hydralisk x2  
  108  8:17  Zergling x2  
Tags
 
Add a new tag
Caveats
  • Supply blocks, unpowered buildings, or Contaminate may cause inaccurate times.
  • Supply counts are checked every 10 seconds.